 Dungeon Crawl Stone Soup version 0.25-a0-503-ge281fa673e (webtiles) character file.

Game seed: 5507143717011110257, levelgen mode: deterministic

5 Gargoyl the Skirmisher (level 1, -5/19 HPs)
             Began as a Centaur Abyssal Knight on Feb 13, 2020.
             Was a Follower of Lugonu.
             Slain by a small abomination (15 damage)
             ... on level 2 of the Abyss.
             The game lasted 00:01:05 (334 turns).

Gargoyl the Skirmisher (Centaur Abyssal Knight)      Turns: 334, Time: 00:01:05

Health: -5/19      AC:  4    Str: 14    XL:     1   Next: 66%
Magic:  2/2        EV:  9    Int: 11    God:    Lugonu [*.....]
Gold:   57         SH:  0    Dex:  8    Spells: 0/0 levels left

rFire    . . .     SeeInvis .   a - +1 hand axe
rCold    . . .     Gourm    .   (no shield)
rNeg     . . .     Faith    .   b - +0 leather armour
rPois    .         Spirit   .   (no helmet)
rElec    .         Reflect  .   (no cloak)
rCorr    .         Harm     .   (no gloves)
MR       .....                  (no barding)
Stlth    ..........             (no amulet)
HPRegen  0.06/turn              (no ring)
MPRegen  0.08/turn              (no ring)

@: very quick
A: large, hooves 3, deformed body, speed 2, tough skin 3
a: Depart the Abyss, Renounce Religion


You were on level 2 of the Abyss.
You worshipped Lugonu.
Lugonu was aware of your devotion.
You were not hungry.

You visited 0 branches of the dungeon, and saw 0 of its levels.
You visited the Abyss 1 time.

You collected 57 gold pieces.

Inventory:

Hand Weapons
 a - a +1 hand axe (weapon)
Armour
 b - a +0 leather armour (worn)
Scrolls
 d - a scroll of remove curse
Comestibles
 c - 2 rations


   Skills:
 + Level 3.0 Fighting
 + Level 2.2 Axes
 + Level 1.3 Armour
 + Level 0.6 Dodging
 + Level 2.0 Invocations


You couldn't memorise any spells.
You didn't know any spells.
Your spell library was empty.

Dungeon Overview and Level Annotations

Branches:
Dungeon (0/15)

Altars:


Innate Abilities, Weirdness & Mutations

You have hooves in place of feet.
Armour fits poorly on your strangely shaped body.
You cover ground very quickly.
You have extremely tough skin. (AC +3)


Message History

You see here a scroll labeled WUMUEG HOIX.
e - a scroll labeled WUMUEG HOIX
As you read the scroll labeled WUMUEG HOIX, it crumbles to dust.
The scroll dissolves into smoke.
It was a scroll of fog.
You now have 57 gold pieces (gained 28).
An orc sorcerer comes into view. It is wielding a +0 dagger.
The orc sorcerer shouts!
The orc sorcerer casts a spell at you.
You suddenly lose the ability to move!
The orc sorcerer hits you with a +0 dagger.
You can move again.
Unknown command.
Unknown command.
A small abomination comes into view.
Unknown command.
The small abomination closely misses you.
The small abomination hits you but does no damage.
The small abomination hits you!
Ouch! That really hurt!
You die...

.# # ## ... #
# # . # §§§#
########## #
#@#.#.# § #
.# ##x#.## #
.## ###.#§.#
.#.# .# ##.#
§.#.... ... #
#x###.##. # .
.. #...
.#.##..#..#
#####.....#..
#.#
##.#.##.##.#.
.#. #
#.#.#..#.# #
# . #


You could see a small abomination.

Vanquished Creatures
  An ufetubus (Abyss:1)
1 creature vanquished.

Notes
Turn   | Place    | Note
-------+----------+-------------------------------------------
     0 | Abyss:1  | Gargoyl the Centaur Abyssal Knight began the quest for the
                  | Orb.
     0 | Abyss:1  | Reached XP level 1. HP: 19/19 MP: 2/2
    51 | Abyss:1  | Noticed a green death
    51 | Abyss:1  | Noticed a great orb of eyes
   125 | Abyss:1  | Noticed a cacodemon
   137 | Abyss:1  | Noticed a small abomination
   138 | Abyss:1  | Noticed a small abomination
   142 | Abyss:1  | Noticed a small abomination
   151 | Abyss:1  | Noticed a large abomination
   166 | Abyss:1  | Noticed a large abomination
   178 | Abyss:2  | Found a corrupted altar of Lugonu.
   283 | Abyss:2  | Noticed a spatial vortex
   283 | Abyss:2  | Noticed a spatial vortex
   283 | Abyss:2  | Noticed a spatial vortex
   302 | Abyss:2  | Noticed an orc sorcerer
   306 | Abyss:2  | Paralysed by an orc sorcerer for 3 turns
   310 | Abyss:2  | Noticed a small abomination
   334 | Abyss:2  | Slain by a small abomination

Levels and vault maps discovered:
Abyss:2

Skill      XL: |  1 |
---------------+----+-----
Axes           | 2 |  2.2
Fighting       | |  3.0
Armour         | |  1.3
Dodging        | |  0.6
Invocations    | |  2.0

Action                   || total
-------------------------++-------
Melee: Hand axe          ||     1
  Use: Scroll            ||     2
       Potion            ||     1
Armor: Leather armour    ||     2
Dodge: Dodged            ||     2

Table legend:
 A = Non-vault XP
 B = Vault XP
 C = Vault XP percentage of total XP
 D = Non-vault monster count
 E = Vault monster count
 F = Vault count percentage of total count
                 A         B        C        D         E       F
            +---------+---------+-------+---------+---------+-------
      Total |       8 |       0 |   0.0 |       1 |       0 |   0.0
            +---------+---------+-------+---------+---------+-------
    Abyss:1 |       8 |       0 |   0.0 |       1 |       0 |   0.0
            +---------+---------+-------+---------+---------+-------
